 Dungeon Crawl Stone Soup version 0.21.1-74-g47da9253eb (webtiles) character file.

3626 Peloso the Carver (level 9, -5/79 HPs)
             Began as a Minotaur Fighter on Aug 8, 2018.
             Was a Believer of Okawaru.
             Killed from afar by a wizard (63 damage)
             ... with a bolt of cold
             ... on level 7 of the Dungeon.
             The game lasted 00:17:55 (6292 turns).

Peloso the Carver (Minotaur Fighter)                Turns: 6292, Time: 00:17:55

Health: -5/79      AC: 16    Str: 23    XL:     9   Next: 87%
Magic:  8/8        EV:  8    Int:  7    God:    Okawaru [**....]
Gold:   463        SH: 15    Dex: 11    Spells: 8/8 levels left

rFire    + . .     SeeInvis .   a - +1 long sword
rCold    x . .     Gourm    .   c - +1 shield
rNeg     . . .     Faith    .   k - +0 chain mail
rPois    +         Spirit   .   (helmet restricted)
rElec    .         Reflect  +   d - +2 cloak
rCorr    .         Harm     .   (no gloves)
MR       .....                  E - +1 pair of boots
Stlth    ..........             e - +3 amulet of reflection
HPRegen  0.23/turn              C - ring "Nuaribit" {Fire Int+2}
MPRegen  0.11/turn              D - ring of poison resistance

@: drained
A: retaliatory headbutt, horns 2
a: Heroism, Renounce Religion


You were on level 7 of the Dungeon.
You worshipped Okawaru.
Okawaru was pleased with you.
You were near starving.

You visited 2 branches of the dungeon, and saw 8 of its levels.

You collected 463 gold pieces.

Inventory:

Hand Weapons
 a - a +1 long sword (weapon)
 h - a +2 dagger of flaming
Armour
 c - a +1 shield (worn)
 d - a +2 cloak (worn)
 k - a +0 chain mail (worn)
 E - a +1 pair of boots (worn)
Jewellery
 e - a +3 amulet of reflection (around neck)
 i - an uncursed ring of positive energy
 C - the ring "Nuaribit" (left hand) {Fire Int+2}
   (You found it on level 6 of the Dungeon)

   [ring of fire]

   It enhances your fire magic.
   It affects your intelligence (+2).
   It protects you from fire.
   It makes you vulnerable to cold.
 D - a ring of poison resistance (right hand)
Wands
 g - a wand of random effects (32)
 n - a wand of polymorph (15)
Scrolls
 l - 5 scrolls of identify
 r - 2 scrolls of remove curse
 t - 4 scrolls of teleportation
 u - 2 scrolls of amnesia
 x - a scroll of fog
 A - a scroll of enchant armour
Potions
 b - a potion of agility {unknown}
 j - 3 potions of ambrosia
 m - 3 potions of heal wounds {unknown}
 o - 2 potions of degeneration {unknown}
 p - 4 potions of curing {unknown}
 q - 2 potions of lignification {unknown}
 s - a potion of flight {unknown}
 w - a potion of magic {unknown}
 z - 2 potions of berserk rage {unknown}
 B - a potion of brilliance {unknown}
Books
 v - a book of Minor Magic

   Spells                             Type                      Level
   a - Magic Dart                     Conjuration                  1
   b - Blink                          Translocation                2
   c - Call Imp                       Summoning                    2
   d - Slow                           Hexes                        2
   e - Conjure Flame                  Conjuration/Fire             3
   f - Mephitic Cloud                 Conjuration/Poison/Air       3
Comestibles
 f - 5 rations


   Skills:
 + Level 7.6(7.0) Fighting
 + Level 9.7(9.1) Long Blades
 + Level 8.3(7.7) Armour
 + Level 3.3(2.8) Dodging
 + Level 1.1(0.6) Stealth
 + Level 9.6(9.0) Shields


You had 8 spell levels left.
You didn't know any spells.

Dungeon Overview and Level Annotations

Branches:
Dungeon (7/15)             Temple (1/1) D:5

Altars:
Ashenzari
Cheibriados
Elyvilon
Gozag
Hepliaklqana
Kikubaaqudgha
Nemelex Xobeh
Okawaru
Sif Muna
Vehumet
Wu Jian

Shops:
D:5 }   D:6 [


Innate Abilities, Weirdness & Mutations

You reflexively headbutt those who attack you in melee.
You have a pair of horns on your head.


Message History

The wizard is lightly wounded.
The wizard hits you but does no damage.
The wizard gestures wildly while chanting.
The wizard blinks!
Unknown command.
You miss the wizard.
The wizard is lightly wounded.
The wizard barely misses you. The wizard hits you but does no damage.
You are near starving!
You closely miss the wizard.
The wizard is lightly wounded.
The wizard hits you but does no damage.
The wizard gestures wildly while chanting.
The wizard blinks!
You slash the wizard!
The wizard is moderately wounded.
The wizard gestures at you while chanting.
The bolt of cold hits you!
You feel a terrible chill!
Ouch! That really hurt!
You die...

^#..)...## .#......#
##..##.##############
##..##.##.##..#..#..##
#...#................#
#...#................#
######..######..######
#..######÷####
..........pp@<+
#............§.#
#..≈≈≈≈≈≈≈...####
#.≈≈##.##≈≈...####.
##...##≈[.......
#.(.".#≈........
...[.....4......
#.$...#≈.#######
##...##≈.#


You could see 2 wizards.

Vanquished Creatures
  The ghost of Delanovic the Twirler, a novice DrGl of Ru (D:6)
  Pikel (D:6)
  An orc sorcerer (D:7)
  The ghost of imnir the Chopper, an amateur HOFi (D:4)
  Grinder (D:3)
  Sigmund (D:3)
  Menkaure (D:5)
  Duvessa (D:6)
  A water moccasin (D:6)
  A sky beast (D:5)
  A black bear (D:6)
  An ogre (D:6)
  A phantom (D:4)
  2 scorpions (D:4)
  9 wights
  A howler monkey (D:5)
  3 orc priests
  4 hounds
  Crazy Yiuf (D:3)
  Natasha (thrice) (D:4)
  Terence (D:3)
  An orc wizard (D:5)
  2 iguanas
  2 worker ants
  A howler monkey zombie (D:5)
  8 adders
  A shadow imp (D:6)
  An ooze (D:1)
  An adder skeleton (D:4)
  2 worms
  3 dart slugs
  3 leopard geckos
  16 orcs
  8 giant cockroaches
  9 goblins
  10 hobgoblins
  16 kobolds
  A quokka (D:3)
  2 ball pythons
  10 bats
  5 frilled lizards
  A giant cockroach zombie (D:6)
  14 rats
154 creatures vanquished.

Vanquished Creatures (others)
  2 slaves (D:6)
  Dowan (D:6)
  A plant (D:4)
4 creatures vanquished.

Grand Total: 158 creatures vanquished

Notes
Turn   | Place    | Note
-------+----------+-------------------------------------------
     0 | D:1      | Peloso the Minotaur Fighter began the quest for the Orb.
     0 | D:1      | Reached XP level 1. HP: 19/19 MP: 0/0
    18 | D:1      | Reached XP level 2. HP: 23/27 MP: 1/1
   241 | D:1      | Reached XP level 3. HP: 33/33 MP: 2/2
   931 | D:2      | Reached XP level 4. HP: 36/40 MP: 3/3
   946 | D:2      | Reached skill level 1 in Dodging
  1889 | D:3      | Noticed Terence
  1916 | D:3      | Killed Terence
  1916 | D:3      | Reached skill level 5 in Shields
  1916 | D:3      | Reached XP level 5. HP: 9/47 MP: 4/4
  2277 | D:3      | Noticed Grinder
  2282 | D:3      | Paralysed by Grinder for 4 turns
  2287 | D:3      | Paralysed by Grinder for 3 turns
  2296 | D:3      | Paralysed by Grinder for 3 turns
  2299 | D:3      | Killed Grinder
  2299 | D:3      | Reached XP level 6. HP: 23/55 MP: 5/5
  2414 | D:3      | Noticed Sigmund
  2435 | D:3      | Killed Sigmund
  2435 | D:3      | Reached skill level 5 in Fighting
  2435 | D:3      | Reached skill level 5 in Long Blades
  2751 | D:3      | Found a runed door.
  2755 | D:3      | Noticed Crazy Yiuf
  2759 | D:3      | Paralysed by Crazy Yiuf for 4 turns
  2770 | D:3      | Killed Crazy Yiuf
  3059 | D:3      | Reached XP level 7. HP: 34/61 MP: 6/6
  3303 | D:4      | Reached skill level 5 in Armour
  3398 | D:4      | Noticed Natasha
  3425 | D:4      | Killed Natasha
  3548 | D:4      | Noticed Natasha
  3555 | D:4      | Killed Natasha
  3612 | D:4      | Noticed Natasha
  3620 | D:4      | Killed Natasha
  3847 | D:4      | Noticed imnir's ghost (amateur HOFi)
  3864 | D:4      | Killed imnir's ghost
  3864 | D:4      | Reached XP level 8. HP: 64/70 MP: 7/7
  3950 | D:4      | Found a hazy altar of Hepliaklqana.
  4042 | D:5      | Entered Level 5 of the Dungeon
  4150 | D:5      | Found Wosisosch's Gadget Emporium.
  4515 | D:5      | Found a staircase to the Ecumenical Temple.
  4521 | Temple   | Entered the Ecumenical Temple
  4579 | Temple   | Became a worshipper of Warmaster Okawaru
  4664 | D:5      | Noticed Menkaure
  4673 | D:5      | Killed Menkaure
  4958 | D:6      | Noticed Pikel
  4984 | D:6      | Killed Pikel
  4984 | D:6      | Reached * piety under Okawaru
  4984 | D:6      | Reached XP level 9. HP: 68/78 MP: 8/8
  5020 | D:6      | Got a crude granite ring
  5059 | D:6      | Identified the ring "Nuaribit" {Fire Int+2} (You found it on level 6 of the Dungeon)
  5190 | D:6      | Killed Dowan
  5269 | D:6      | Noticed Duvessa
  5295 | D:6      | Noticed Delanovic's ghost (novice DrGl)
  5317 | D:6      | Killed Delanovic's ghost
  5317 | D:6      | Reached skill level 1 in Stealth
  5527 | D:6      | Reached ** piety under Okawaru
  5597 | D:6      | Killed Duvessa
  5869 | D:6      | Found Jotraywa's Antique Armour Emporium.
  6018 | D:7      | Noticed a wizard
  6018 | D:7      | Noticed an orc sorcerer
  6019 | D:7      | Noticed a wizard
  6027 | D:7      | Noticed a red devil
  6032 | D:7      | Killed an orc sorcerer
  6292 | D:7      | Killed from afar by a wizard

Skill      XL: |  1  2  3  4  5  6  7  8  9 |
---------------+----------------------------+-----
Fighting       | 4 5 6 7 |  7.6
Shields        | 4 5 6 8 9 |  9.6
Armour         | 4 6 7 8 |  8.3
Long Blades    | 3 4 5 6 8 9 |  9.7
Dodging        | 1 2 3 |  3.3
Stealth        | 1 |  1.1

Action                   |  1- 3 |  4- 6 |  7- 9 || total
-------------------------+-------+-------+-------++-------
Melee: Long sword        |    74 |   147 |   300 ||   521
       Headbutt          |    17 |    18 |    59 ||    94
Evoke: Wand              |       |       |     2 ||     2
  Use: Scroll            |       |     5 |     7 ||    12
       Potion            |       |     1 |     1 ||     2
  Eat: Chunk             |       |     4 |     9 ||    13
       Ration            |       |     1 |       ||     1
Armor: Scale mail        |    41 |    28 |       ||    69
       Chain mail        |       |    42 |    97 ||   139
Dodge: Dodged            |    38 |    61 |    63 ||   162
Block: Shield            |    43 |    94 |   213 ||   350
       Reflection        |       |       |     2 ||     2
       Rpst.: Long sword |     9 |    12 |    23 ||    44
